 Dungeon Crawl Stone Soup version 0.17.0-28-g6e173f8 (webtiles) character file.

43060 graki42 the Eclecticist (level 13, -14/72 HPs)
             Began as a Deep Elf Fire Elementalist on Nov 27, 2015.
             Was a High Priest of Vehumet.
             Demolished by a yak (16 damage)
             ... on level 8 of the Lair of Beasts.
             The game lasted 01:25:14 (17132 turns).

graki42 the Eclecticist (DEFE)                     Turns: 17132, Time: 01:25:26

Health: -14/72     AC:  8    Str:  8    XL:     13   Next: 88%
Magic:  26/53      EV: 17    Int: 26    God:    Vehumet [*****.]
Gold:   980        SH:  0    Dex: 15    Spells: 7 memorised, 21 levels left

rFire  + + .     SeeInvis +     y - +3 trident "Vunluesh" {flame, rC+ rN+ MP+9 Str-2}
rCold  + . .     Clarity  +     G - +2 robe of Buwayn {*Drain rC+ MP+9 Str+5}
rNeg   + . .     SustAt   .     (no shield)
rPois  .         Gourm    .     f - +0 helmet
rElec  .         Spirit   .     i - +1 cloak
rCorr  .         Warding  .     N - +0 pair of gloves
rMut   .         Stasis   .     (no boots)
MR     ++...                    (no amulet)
Stlth  ++........               J - ring of fire
                                k - ring of protection from magic

@: very slightly contaminated, delayed fireball, very resistant to hostile
enchantments, unstealthy
A: see invisible, clarity, fire resistance 1, robust 1, spit poison 3, wild
magic 1
a: Breathe Poison Gas, Renounce Religion, Release Delayed Fireball


You were on level 8 of the Lair of Beasts.
You worshipped Vehumet.
Vehumet was extremely pleased with you.
You were not hungry.

You visited 3 branches of the dungeon, and saw 17 of its levels.

You collected 980 gold pieces.

Inventory:

Hand Weapons
 t - a +0 short sword of speed
 y - the +3 trident "Vunluesh" (weapon) {flame, rC+ rN+ MP+9 Str-2}
   (You found it on level 7 of the Dungeon)

   It has been specially enchanted to burn those struck by it, causing extra
   injury to most foes and up to half again as much damage against particularly
   susceptible opponents.
   It affects your strength (-2).
   It protects you from cold.
   It protects you from negative energy.
   It affects your magic capacity (+9).
 E - a +0 blowgun
Missiles
 q - 7 curare-tipped needles
Armour
 f - a +0 helmet (worn)
 i - a +1 cloak (worn)
 G - the +2 robe of Buwayn (worn) {*Drain rC+ MP+9 Str+5}
   (You found it on level 2 of the Lair of Beasts)

   It affects your strength (+5).
   It protects you from cold.
   It affects your magic capacity (+9).
   It causes draining when unequipped.
 N - a +0 pair of gloves (worn)
Rods
 C - a +0 rod of the swarm (11/11)
   (You found it on level 8 of the Dungeon)
Jewellery
 k - a ring of protection from magic (left hand)
 F - an uncursed ring of flight
 J - a ring of fire (right hand)
Scrolls
 a - 3 scrolls of recharging {unknown}
 b - 3 scrolls of identify
 e - 5 scrolls of remove curse
 h - 2 scrolls of fear {unknown}
 n - a scroll of fog {unknown}
 o - 3 scrolls of teleportation {unknown}
 r - a scroll of vulnerability {unknown}
 L - 2 scrolls of enchant weapon {unknown}
 M - 4 scrolls of magic mapping {unknown}
 O - a scroll of acquirement {unknown}
 Y - a scroll of silence {unknown}
 Z - a scroll of amnesia
Potions
 d - 2 potions of might
 s - 7 potions of curing
 I - 2 potions of haste
 W - a potion of magic
Comestibles
 c - 17 bread rations


   Skills:
 + Level 2.1 Fighting
 + Level 0.1 Polearms
 + Level 3.1 Armour
 + Level 8.2 Dodging
 - Level 3.0 Stealth
 + Level 16.3 Spellcasting
 + Level 13.1 Conjurations
 + Level 4.4 Hexes
 + Level 13.5 Fire Magic
 * Level 7.0 Earth Magic


You had 21 spell levels left.
You knew the following spells:

 Your Spells              Type           Power        Failure   Level  Hunger
a - Flame Tongue          Conj/Fire      #####        1%          1    None
b - Conjure Flame         Conj/Fire      ########     1%          3    None
c - Inner Flame           Hex/Fire       ########     1%          3    None
d - Sticky Flame          Conj/Fire      ########     1%          4    None
e - Fireball              Conj/Fire      ########..   1%          5    None
f - Bolt of Magma         Conj/Fire/Erth ########..   1%          5    None
g - Delayed Fireball      Conj/Fire      N/A          6%          7    #####..


Dungeon Overview and Level Annotations

Branches:
Dungeon (8/15)             Temple (1/1) D:7            Lair (8/8) D:8
  Swamp (0/4) Lair:4       Spider (0/4) Lair:4
  Slime: Lair:6-8

Altars:
Cheibriados
Dithmenos
Elyvilon
Gozag
Kikubaaqudgha
Makhleb
Nemelex Xobeh
Okawaru
Qazlal
Ru
Sif Muna
Trog
Vehumet
Yredelemnul
Zin
The Shining One


Innate Abilities, Weirdness & Mutations

You have supernaturally acute eyesight.
You possess an exceptional clarity of mind.
Your flesh is heat resistant.
You are robust (+10% HP).
You can exhale a cloud of poison.
Your spells are a little harder to cast, but a little more powerful.


Message History

A wolf corpse.
There is something else lying underneath.
The floor.
Casting: Fireball
Confirm with . or Enter, or press ? or * to list all spells.
Aiming: Sticky Flame
Press: ? - help, Shift-Dir - straight line, f/p - young spriggan druid
Aim: a young spriggan druid, wielding a quarterstaff and wearing a robe (almost dead)
You feel a surge of power!
The sticky flame hits the young spriggan druid.
With its final breath, the young spriggan druid offers up its power to the beasts of the wild!
The yak is healed.
The yak seems to grow more fierce.
The yak seems to grow more fierce. x3
You kill the young spriggan druid!
Vehumet accepts your kill.
You feel your power returning.
The forest abruptly stops moving.
The spriggan rider hits you from afar with a spear.
* * * LOW HITPOINT WARNING * * *
The yak is engulfed in roaring flames.
The yak gores you!
You die...

#♣♣♣♣ ♣♣♣ ♣♣♣♣ ♣♣♣
♣.♣.♣♣♣♣♣.♣♣♣.....♣♣♣♣ ♣♣♣..
P....♣♣........♣♣....♣♣♣..)♣
#..♣♣...††.♣ ♣........♣
..♣♣♣♣♣♣♣..♣♣ ♣....).♣♣ ..#
♣♣..♣♣♣♣ ♣♣♣.....$.♣ ..♣♣♣
♣.♣YYYY♣♣♣.).♣♣..)†♣ .#♣P♣♣
♣..♣♣♣♣YY@)i♣♣♣♣♣.♣i...♣
.....♣♣..♣ ♣♣♣♣♣♣♣ ♣♣ ....
.....♣♣.♣ ... .....♣♣. ♣♣
.P...♣♣ .....♣ ....P♣ .....♣
......♣


You could see a spriggan rider and 6 yaks.

Vanquished Creatures
  Fannar (Lair:1)
  3 hydras
  6 death yaks (Lair:8)
  Sonja (Lair:1)
  A griffon (D:8)
  The ghost of M4edhros the Charlatan, a novice DgAr (D:5)
  An orb spider (Lair:4)
  2 oklob plants (Lair:1)
  The ghost of M4edhros the Sneak, a novice OpWn (D:6)
  4 black mambas
  19 elephants
  Joseph (Lair:1)
  A torpor snail (Lair:5)
  4 spiny frogs
  3 komodo dragons
  A spriggan druid (Lair:8)
  9 polar bears
  2 trolls (D:8)
  Prince Ribbit (D:8)
  12 blink frogs
  3 redbacks (Lair:8)
  26 yaks
  4 spriggans (Lair:8)
  A human (D:7)
  2 basilisks
  10 hippogriffs
  A hungry ghost (D:7)
  Menkaure (D:7)
  29 wolves
  Duvessa (D:7)
  An orc warrior (D:8)
  10 porcupines
  12 water moccasins
  An ogre (D:5)
  6 black bears
  A wasp (Lair:8)
  3 necrophages (D:7)
  A sky beast (D:5)
  2 centaurs
  11 crocodiles
  2 big kobolds
  13 giant frogs
  Dowan (D:7)
  2 scorpions
  3 wights (D:7)
  A crimson imp (D:8)
  8 electric eels
  9 hounds
  2 giant frog skeletons (D:4)
  4 human zombies (D:7)
  3 orc wizards
  5 orc priests
  3 worker ants
  5 iguanas
  22 sheep
  A hound zombie (D:5)
  3 mummies (D:7)
  A worker ant zombie (D:7)
  4 gnolls (D:5)
  24 river rats
  6 adders
  4 shadow imps
  An ooze (D:3)
  2 adder skeletons
  A worm (D:3)
  3 giant geckos
  30 orcs
  6 giant cockroaches
  2 goblins
  5 hobgoblins
  12 jackals
  8 quokkas
  6 bats
  3 giant gecko skeletons
  2 giant newts
  A jackal skeleton (D:4)
  11 kobolds
  A quokka skeleton (D:7)
  A quokka zombie (D:7)
  9 rats
  A spectral orc (D:3)
  3 bushes (Lair:1)
  4 fungi
  7 plants
445 creatures vanquished.

Vanquished Creatures (others)
  6 fungi
  4 plants
10 creatures vanquished.

Grand Total: 455 creatures vanquished

Notes
Turn   | Place    | Note
--------------------------------------------------------------
     0 | D:1      | graki42 the Deep Elf Fire Elementalist began the quest for the Orb.
     0 | D:1      | Reached XP level 1. HP: 10/10 MP: 6/6
   543 | D:2      | Reached XP level 2. HP: 15/15 MP: 5/8
  1258 | D:3      | Reached XP level 3. HP: 19/19 MP: 8/10
  1342 | D:3      | Learned a level 3 spell: Conjure Flame
  1346 | D:3      | Learned a level 3 spell: Inner Flame
  1504 | D:3      | Noticed a scorpion
  1510 | D:3      | Killed a scorpion
  1510 | D:3      | Reached skill level 4 in Spellcasting
  1510 | D:3      | Reached XP level 4. HP: 20/24 MP: 6/12
  1841 | D:3      | Found a basalt altar of Yredelemnul.
  1949 | D:3      | Reached XP level 5. HP: 28/28 MP: 1/14
  2342 | D:4      | Learned a level 4 spell: Sticky Flame
  2585 | D:4      | Reached skill level 5 in Spellcasting
  2773 | D:4      | Reached XP level 6. HP: 24/32 MP: 7/15
  2859 | D:4      | Reached skill level 1 in Armour
  3176 | D:5      | Entered Level 5 of the Dungeon
  3266 | D:5      | Noticed M4edhros's ghost (novice DgAr)
  3718 | D:4      | Reached skill level 5 in Fire Magic
  4196 | D:5      | Reached XP level 7. HP: 37/37 MP: 6/17
  4269 | D:5      | Reached skill level 6 in Spellcasting
  4485 | D:5      | Killed M4edhros's ghost
  4485 | D:5      | Reached skill level 7 in Spellcasting
  4485 | D:5      | Reached skill level 1 in Hexes
  4543 | D:5      | Reached XP level 8. HP: 28/42 MP: 4/21
  4547 | D:5      | Gained mutation: Your spells are a little harder to cast, but a little more powerful. [mutagenic meat]
  4548 | D:5      | Gained mutation: You can spit weak poison. [mutagenic meat]
  4549 | D:5      | Gained mutation: You can spit poison. [mutagenic meat]
  4760 | D:6      | Noticed M4edhros's ghost (novice OpWn)
  5107 | D:6      | Reached skill level 5 in Conjurations
  5325 | D:6      | Reached skill level 8 in Spellcasting
  5544 | D:6      | Killed M4edhros's ghost
  5774 | D:6      | Learned a level 5 spell: Fireball
  6017 | D:6      | Found a snail-covered altar of Cheibriados.
  6214 | D:7      | Reached skill level 9 in Spellcasting
  6223 | D:7      | Noticed Menkaure
  6231 | D:7      | Killed Menkaure
  6231 | D:7      | Reached XP level 9. HP: 40/46 MP: 5/24
  6294 | D:7      | Found a staircase to the Ecumenical Temple.
  6305 | Temple   | Entered the Ecumenical Temple
  6394 | Temple   | Became a worshipper of Vehumet
  6534 | D:7      | Got a steaming trident
  6535 | D:7      | Identified the cursed +3 trident "Vunluesh" {flame, rC+ rN+ MP+9 Str-2} (You found it on level 7 of the Dungeon)
  6638 | D:7      | Found a basalt altar of Yredelemnul.
  6843 | D:7      | Reached skill level 1 in Fighting
  7009 | D:7      | Noticed Dowan
  7064 | D:7      | Noticed Duvessa
  7074 | D:7      | Killed Duvessa
  7082 | D:7      | Killed Dowan
  7285 | D:7      | Gained mutation: Your flesh is heat resistant. [potion of mutation]
  7285 | D:7      | Gained mutation: You have supernaturally acute eyesight. [potion of mutation]
  7286 | D:7      | Gained mutation: You are robust (+10% HP). [potion of mutation]
  7287 | D:7      | Gained mutation: You possess an exceptional clarity of mind. [potion of mutation]
  7287 | D:7      | Gained mutation: You can exhale a cloud of poison. [potion of mutation]
  7427 | D:7      | Reached * piety under Vehumet
  7427 | D:7      | Offered knowledge of Sting by Vehumet.
  7427 | D:7      | Reached skill level 10 in Spellcasting
  7689 | D:8      | Noticed Prince Ribbit
  7694 | D:8      | Killed Prince Ribbit
  7738 | D:8      | Reached skill level 5 in Dodging
  7832 | D:8      | Found a staircase to the Lair.
  8024 | D:8      | Reached XP level 10. HP: 26/57 MP: 26/26
  8325 | D:8      | Found a huge runed gate.
  8326 | D:8      | Found a huge runed gate.
  8327 | D:8      | Found a huge runed gate.
  8357 | D:8      | Found a huge runed gate.
  8357 | D:8      | Noticed a griffon
  8606 | D:8      | Noticed a griffon
  8747 | D:8      | Reached skill level 11 in Spellcasting
  9047 | D:7      | Reached ** piety under Vehumet
  9047 | D:7      | Offered knowledge of Shock by Vehumet.
  9303 | D:8      | Killed a griffon
  9515 | D:8      | Reached skill level 12 in Spellcasting
  9543 | Lair:1   | Entered Level 1 of the Lair of Beasts
  9544 | Lair:1   | Noticed an oklob plant
  9842 | Lair:1   | Noticed an oklob plant
 10043 | Lair:1   | Noticed Fannar
 10046 | Lair:1   | Killed Fannar
 10059 | Lair:1   | Identified a +0 rod of the swarm (11/11) (You found it on level 8 of the Dungeon)
 10130 | Lair:1   | Noticed Sonja
 10132 | Lair:1   | Killed Sonja
 10132 | Lair:1   | Reached XP level 11. HP: 61/61 MP: 29/29
 10141 | Lair:1   | Noticed Joseph
 10150 | Lair:1   | Killed Joseph
 10215 | Lair:1   | Reached skill level 10 in Fire Magic
 10689 | Lair:1   | Killed an oklob plant
 10787 | Lair:1   | Killed an oklob plant
 10975 | Lair:1   | Reached skill level 13 in Spellcasting
 11063 | Lair:2   | Got a silken robe
 11075 | Lair:2   | Identified the +2 robe of Buwayn {*Drain rC+ MP+9 Str+5} (You found it on level 2 of the Lair of Beasts)
 11314 | Lair:2   | Offered knowledge of Dazzling Spray by Vehumet.
 11594 | Lair:2   | Reached skill level 10 in Conjurations
 11599 | Lair:2   | Reached *** piety under Vehumet
 11992 | Lair:3   | Offered knowledge of Olgreb's Toxic Radiance by Vehumet.
 12250 | Lair:3   | Reached XP level 12. HP: 68/68 MP: 29/31
 12579 | Lair:4   | Reached skill level 14 in Spellcasting
 12640 | Lair:4   | Found a hole to the Spider Nest.
 12729 | Lair:4   | Reached **** piety under Vehumet
 12851 | Lair:4   | Offered knowledge of Bolt of Magma by Vehumet.
 12861 | Lair:4   | Learned a level 5 spell: Bolt of Magma
 12875 | Lair:4   | Found a staircase to the Swamp.
 12928 | Lair:4   | Got an ichor-stained robe
 12932 | Lair:4   | Identified the +2 robe of the Purple Skies {rPois Int+3 Dex-3 Stlth-} (You found it on level 4 of the Lair of Beasts)
 13303 | Lair:5   | Noticed an eight-headed hydra
 13306 | Lair:5   | Killed an eight-headed hydra
 13306 | Lair:5   | Reached skill level 1 in Earth Magic
 14024 | Lair:5   | Noticed an eight-headed hydra
 14026 | Lair:5   | Killed an eight-headed hydra
 14028 | Lair:5   | Reached skill level 15 in Spellcasting
 14455 | Lair:6   | Reached ***** piety under Vehumet
 14459 | Lair:6   | Offered knowledge of Delayed Fireball by Vehumet.
 14690 | Lair:6   | Reached XP level 13. HP: 72/72 MP: 34/34
 15416 | Lair:7   | Reached skill level 5 in Earth Magic
 15875 | Lair:2   | Learned a level 7 spell: Delayed Fireball
 16505 | Lair:8   | Entered Level 8 of the Lair of Beasts
 16742 | Lair:7   | Reached skill level 16 in Spellcasting
 17112 | Lair:8   | Offered knowledge of Iron Shot by Vehumet.
 17132 | Lair:8   | HP: 2/72 [spriggan rider/spear (5)]
 17132 | Lair:8   | Demolished by a yak

Action                   |  1- 3 |  4- 6 |  7- 9 | 10-12 | 13-15 || total
-------------------------+-------+-------+-------+-------+-------++-------
Melee: Short sword       |       |    38 |    18 |       |       ||    56
       Trident           |       |       |     2 |    18 |     6 ||    26
 Cast: Flame Tongue      |    50 |   119 |   217 |   179 |     5 ||   570
       Conjure Flame     |     1 |    10 |    12 |     9 |     2 ||    34
       Inner Flame       |       |     4 |    10 |    11 |     3 ||    28
       Sticky Flame      |       |     1 |    17 |    28 |     6 ||    52
       Fireball          |       |       |       |   127 |    74 ||   201
       Bolt of Magma     |       |       |       |     4 |    18 ||    22
       Delayed Fireball  |       |       |       |       |     1 ||     1
 Abil: Breathe Poison Ga |       |       |     1 |       |       ||     1
  Use: Scroll            |     1 |     2 |     5 |    10 |     1 ||    19
       Potion            |       |     2 |     3 |     3 |     2 ||    10
 Stab: Sleeping          |       |     1 |     1 |     2 |       ||     4
  Eat: Chunk             |     2 |     8 |    15 |    25 |     3 ||    53
       Pizza             |       |       |     1 |       |       ||     1
       Beef jerky        |       |       |       |     1 |       ||     1
       Bread ration      |       |       |       |       |     1 ||     1
